cohdb
Replays
Latest Replays
All Replays
Popular Replays
Top Player Replays
Match Explorer
How It Works
Community
CoH3 Stats
Reddit
Sign in to upload your games and track your stats! →
Sign in with Steam
Match 41136620
Unlisted
Match 41136620
Overview
Messages
Build Orders
End
Construct Section Command Post
Selects Canadian Shock Battlegroup
Infantry Section
Infantry Section
Dingo Light Scout Car
Grenade Package
Infantry Section
ML 3-inch Mortar Team
Selects Incendiary Munitions
Construct Platoon Command Post
CMP 15cwt Truck
6-pounder Anti-tank Gun Team
Selects Pyrotechnics
Infantry Section
Royal Engineer Section
Construct Field Infirmary
Construct Company Command Post
Foot Guards Section
Matilda II Heavy Tank
CMP 15cwt Truck
Selects Churchill Crocodile Heavy Tank
Churchill Crocodile Heavy Tank
Foot Guards Section
Vickers Machine Gun Team
Armored Vehicle Training
Infantry Training
Particycles
canga
Maximus
Yaas
neil911
Armbbking
0
0
Comments
sign in to comment!
No comments posted yet!